[Event "Titled Tuesday Blitz May 10 Early 2022"]
[White "Babazada, Khazar"]
[Black "Martic, Ivan"]
[WhiteFideId "13413554"]
[BlackFideId "929301"]
[WhiteElo "2406"]
[BlackElo "2317"]
[Result "1-0"]
[Round "03"]
[TimeControl "180+1"]
[Date "2022.05.10"]
[WhiteClock "0:00:35"]
[BlackClock "0:00:11"]

1. Nf3 Nf6 2. g3 d5 3. Bg2 c6 4. O-O Bg4 5. d3 e6 6. Nbd2 Be7 7. b3 O-O 8. Bb2 a5 9. a3 Nbd7 10. e4 Bh5 11. Re1 Re8 12. e5 Ng4 13. h3 Nh6 14. Nf1 a4 15. b4 c5 16. c3 b5 17. Bc1 Rc8 18. Bxh6 gxh6 19. Qd2 Bf8 20. Rac1 d4 21. cxd4 cxb4 22. axb4 Qe7 23. Qf4 Qxb4 24. Rb1 Qa5 25. d5 Nc5 26. dxe6 fxe6 27. Red1 Bg6 28. d4 Nd3 29. Qg4 h5 30. Qg5 Be7 31. Qe3 Rc3 32. d5 Nb2 33. Qf4 Nxd1 34. Rxd1 exd5 35. Nd4 b4 36. Ne3 Rxe3 37. Qxe3 b3 38. Nc6 Qc5 39. Nxe7+ Qxe7 40. Bxd5+ Kh8 41. e6 b2 42. Ba2 a3 43. Qc3+ Qg7 44. Qxa3 Rb8 45. e7 Bc2 46. Rd8+ 1-0


[Site "https://www.chess.com"]

[Event "Titled Tuesday Blitz May 10 Early 2022"]
[White "Bach, Ngoc Thuy Duong"]
[Black "Prieto Aranguren, Alain"]
[WhiteFideId "12408956"]
[BlackFideId "2268906"]
[WhiteElo "1862"]
[BlackElo "2235"]
[Result "0-1"]
[Round "03"]
[TimeControl "180+1"]
[Date "2022.05.11"]
[WhiteClock "0:00:02"]
[BlackClock "0:00:44"]

1. d4 Nf6 2. Nf3 g6 3. Nbd2 Bg7 4. e4 O-O 5. Bd3 c5 6. e5 Nd5 7. Be4 e6 8. dxc5 Qc7 9. O-O Qxc5 10. a3 Nc6 11. Nb3 Qe7 12. c4 Nb6 13. c5 Nd5 14. Bg5 f6 15. Bxd5 fxg5 16. Bxc6 bxc6 17. Qd4 Rb8 18. Na5 Rf4 19. Qc3 g4 20. Nd2 Qg5 21. Nac4 Ba6 22. Rfe1 h5 23. b4 h4 24. Ne4 Qf5 25. Ned6 Qh5 26. Re4 Rxe4 27. Nxe4 Bxc4 28. Qxc4 Qxe5 29. Rd1 a5 30. h3 axb4 31. axb4 gxh3 32. gxh3 Rf8 33. Rxd7 Rf4 34. Rd8+ Kh7 0-1


[Site "https://www.chess.com"]

[Event "Titled Tuesday Blitz May 10 Early 2022"]
[White "Baches Garcia, Guillermo"]
[Black "Mica, Marek"]
[WhiteFideId "2209764"]
[BlackFideId "382884"]
[WhiteElo "2503"]
[BlackElo "2100"]
[Result "1-0"]
[Round "03"]
[TimeControl "180+1"]
[Date "2022.05.11"]
[WhiteClock "0:00:39"]
[BlackClock "0:00:08"]

1. e4 e6 2. Nf3 d5 3. exd5 exd5 4. d4 Bd6 5. c4 dxc4 6. Bxc4 Nf6 7. Nc3 Nbd7 8. O-O O-O 9. Bg5 Nb6 10. Bb3 h6 11. Bh4 g5 12. Bg3 Bf5 13. Ne5 a5 14. Qf3 Bc8 15. h4 a4 16. hxg5 hxg5 17. Bc2 Be6 18. Ne4 Nxe4 19. Qxe4 f5 20. Qe2 f4 21. Qh5 Qe7 22. Ng6 Qg7 23. Nxf8 Rxf8 24. Bh2 Nd5 25. Rfe1 Nf6 26. Qg6 Bd5 27. Qxg7+ Kxg7 28. Bxa4 c6 29. Bb3 Kg6 30. Bxd5 cxd5 31. g3 Kf5 32. Kg2 Ne4 33. f3 Nxg3 34. Bxg3 fxg3 35. Re2 Rc8 36. Rh1 Bf4 37. Rh7 Rc1 38. Rxb7 g4 39. Rf7+ Kg5 40. Rg7+ Kf5 41. Rxg4 Ra1 42. Re8 Bd6 43. Rd8 Bc7 44. Rd7 Kf6 45. Rxc7 1-0


[Site "https://www.chess.com"]

[Event "Titled Tuesday Blitz May 10 Early 2022"]
[White "Bacrot, Etienne"]
[Black "De Silva, L M S T"]
[WhiteFideId "605506"]
[BlackFideId "9953698"]
[WhiteElo "2673"]
[BlackElo "1631"]
[Result "1-0"]
[Round "03"]
[TimeControl "180+1"]
[Date "2022.05.10"]
[WhiteClock "0:01:23"]
[BlackClock "0:01:22"]

1. e4 e5 2. Nf3 Nc6 3. Bb5 a6 4. Ba4 Nf6 5. O-O Be7 6. Re1 b5 7. Bb3 O-O 8. Nc3 d6 9. h3 Na5 10. d4 Nxb3 11. axb3 Bb7 12. Bg5 b4 13. Bxf6 Bxf6 14. Nd5 Bxd5 15. exd5 Re8 16. Qd3 a5 17. dxe5 Bxe5 18. Nxe5 dxe5 19. Qb5 Qd6 20. Rxa5 Rad8 21. Qc4 f5 22. Rc5 Re7 23. Rc6 1-0


[Site "https://www.chess.com"]

[Event "Titled Tuesday Blitz May 10 Early 2022"]
[White "Batsiashvili, Nino"]
[Black "Ohanyan, Emin"]
[WhiteFideId "13602993"]
[BlackFideId "13312022"]
[WhiteElo "2193"]
[BlackElo "1927"]
[Result "1-0"]
[Round "03"]
[TimeControl "180+1"]
[Date "2022.05.11"]
[WhiteClock "0:00:46"]
[BlackClock "0:00:13"]

1. d4 Nf6 2. c4 e6 3. Nc3 Bb4 4. Nf3 d5 5. Bg5 h6 6. Bxf6 Qxf6 7. Qa4+ Nc6 8. Rd1 Bd7 9. Qc2 O-O-O 10. e3 dxc4 11. Bxc4 e5 12. d5 Bf5 13. Qa4 e4 14. Nd4 Nxd4 15. Rxd4 Bc5 16. Rd2 Kb8 17. Nb5 Bd7 18. b4 Bb6 19. Qb3 h5 20. a4 a6 21. Nc3 Qe5 22. a5 Ba7 23. b5 axb5 24. Nxb5 Bxb5 25. Qxb5 Qa1+ 26. Ke2 Qxh1 27. a6 Bb6 28. axb7 Qa1 29. Ra2 Qxa2+ 30. Bxa2 Rd6 31. Qa4 Ba7 32. Qxe4 Rhd8 33. Bc4 g6 34. Qf4 R6d7 35. Qf6 Bc5 36. h3 Bd6 37. Qa1 Kxb7 38. Qa6+ Kb8 39. Qc6 1-0


[Site "https://www.chess.com"]

[Event "Titled Tuesday Blitz May 10 Early 2022"]
[White "Beerdsen, Thomas"]
[Black "Zhigalko, Sergei"]
[WhiteFideId "1030108"]
[BlackFideId "13502956"]
[WhiteElo "2585"]
[BlackElo "2662"]
[Result "1-0"]
[Round "03"]
[TimeControl "180+1"]
[Date "2022.05.10"]
[WhiteClock "0:00:59"]
[BlackClock "0:00:07"]

1. e4 c5 2. Nf3 Nc6 3. Bc4 Nf6 4. e5 d5 5. Bb5 Nd7 6. Bxc6 bxc6 7. d3 e6 8. O-O Rb8 9. b3 c4 10. bxc4 dxc4 11. dxc4 Ba6 12. Qd4 Qb6 13. Qf4 Qc5 14. Rd1 Qxc4 15. Qg3 Qxc2 16. Nc3 Qxc3 17. Be3 Qa3 18. Rac1 Be2 19. Rxd7 Kxd7 20. Nd4 Bh5 21. Qh4 Bg6 22. Nxc6 Rb4 23. Qd8# 1-0


[Site "https://www.chess.com"]

[Event "Titled Tuesday Blitz May 10 Early 2022"]
[White "Bellissimo, Joseph F."]
[Black "Federzoni, Enzo"]
[WhiteFideId "2609843"]
[BlackFideId "2173301"]
[WhiteElo "2061"]
[BlackElo "1956"]
[Result "1-0"]
[Round "03"]
[TimeControl "180+1"]
[Date "2022.05.11"]
[WhiteClock "0:00:48"]
[BlackClock "0:01:28"]

1. e4 c5 2. Nf3 d6 3. d4 cxd4 4. Qxd4 a6 5. c4 Nf6 6. Nc3 Nc6 7. Qd2 g6 8. b3 Bg7 9. Bb2 O-O 10. Be2 Be6 11. O-O Rc8 12. Rac1 Qa5 13. Rfd1 Rfd8 14. a3 Bg4 15. h3 Bxf3 16. Bxf3 Nd7 17. b4 Qc7 18. Nd5 Qb8 19. Bxg7 Kxg7 20. Qb2+ Nde5 21. Bg4 e6 22. Nb6 h5 23. Nxc8 hxg4 24. Nb6 Kg8 25. h4 Qc7 26. c5 g3 27. fxg3 Ng4 28. Qe2 Nce5 29. Nc4 dxc5 30. Nxe5 Nxe5 31. Rxc5 Rxd1+ 32. Qxd1 Qb6 33. Qd4 Nc6 34. Qf2 a5 35. h5 axb4 36. hxg6 fxg6 37. axb4 Qxb4 38. Rg5 Kg7 39. e5 Qe7 40. Rg4 b5 41. Qc2 Nxe5 42. Qc3 Qf6 43. Rf4 Nf3+ 44. Qxf3 1-0


[Site "https://www.chess.com"]

[Event "Titled Tuesday Blitz May 10 Early 2022"]
[White "Bettalli, Francesco"]
[Black "Gatterer, Florian"]
[WhiteFideId "2816453"]
[BlackFideId "811688"]
[WhiteElo "2216"]
[BlackElo "2218"]
[Result "1-0"]
[Round "03"]
[TimeControl "180+1"]
[Date "2022.05.11"]
[WhiteClock "0:00:36"]
[BlackClock "0:00:02"]

1. d4 Nf6 2. Nc3 d5 3. Bf4 c5 4. e3 cxd4 5. exd4 a6 6. Nf3 Nc6 7. Be2 Bg4 8. O-O e6 9. Ne5 Bxe2 10. Nxe2 Bd6 11. c3 O-O 12. Ng3 Qc7 13. Re1 Nd7 14. Nxd7 Qxd7 15. Bxd6 Qxd6 16. Qg4 Kh8 17. Nh5 Rg8 18. Re3 Ne7 19. Rh3 e5 20. dxe5 Qxe5 21. Nf4 h6 22. Re3 Qf6 23. Nh5 Qf5 24. Qxf5 Nxf5 25. Re5 g6 26. Nf6 Rgd8 27. Rd1 Kg7 28. Ng4 h5 29. Ne3 Nxe3 30. Rxe3 Rd7 31. Red3 Rad8 32. Kf1 f5 33. Rd4 Kf6 34. f4 b5 35. Kf2 h4 36. g3 hxg3+ 37. hxg3 Rh8 38. Kg2 Rdh7 39. Rxd5 Rh2+ 40. Kf3 Re8 41. R1d2 Rh1 42. Rd6+ Re6 43. Rxe6+ Kxe6 44. Re2+ Kf6 45. Ke3 Rd1 46. Rd2 Rg1 47. Kf2 Rb1 48. a3 Ke6 49. Kf3 a5 50. g4 fxg4+ 51. Kxg4 Rg1+ 52. Kf3 a4 53. Re2+ Kd6 54. Ke4 Rg3 55. Kd4 Kc6 56. Re6+ Kb7 57. Kc5 Rg2 58. Kxb5 Rxb2+ 59. Kxa4 Rf2 60. Rf6 Rf3 61. Kb4 Kc7 62. c4 Kd7 63. c5 Ke7 64. Rxg6 Rxf4+ 65. Kb5 Kd7 66. c6+ Kc8 67. a4 Rf2 68. a5 Rb2+ 69. Ka6 Kc7 70. Ka7 Rb3 71. a6 Rb2 72. Rg7+ Kxc6 73. Rb7 Re2 74. Rb6+ Kc7 75. Rb1 1-0


[Site "https://www.chess.com"]

[Event "Titled Tuesday Blitz May 10 Early 2022"]
[White "Bluebaum, Matthias"]
[Black "Rohith Krishna S"]
[WhiteFideId "24651516"]
[BlackFideId "46617051"]
[WhiteElo "2556"]
[BlackElo "2117"]
[Result "1-0"]
[Round "03"]
[TimeControl "180+1"]
[Date "2022.05.10"]
[WhiteClock "0:00:08"]
[BlackClock "0:00:20"]

1. d4 d6 2. Nf3 Nf6 3. c4 g6 4. Nc3 Bg7 5. e4 O-O 6. Be2 e5 7. Be3 Nc6 8. d5 Ne7 9. Nd2 a5 10. c5 Ne8 11. Nc4 f5 12. f3 Bd7 13. Rc1 Nc8 14. a4 fxe4 15. fxe4 Qh4+ 16. g3 Qh3 17. Bf1 Qg4 18. Qxg4 Bxg4 19. Be2 Bd7 20. Nb5 Bf6 21. O-O Be7 22. Rxf8+ Kxf8 23. cxd6 cxd6 24. Nb6 Nxb6 25. Bxb6 Bd8 26. Be3 Rc8 27. Rxc8 Bxc8 28. Na3 Bd7 29. b3 Bc7 30. Bd2 Nf6 31. Bd3 Bg4 32. Nc4 Bf3 33. Bxa5 Bxa5 34. Nxa5 Nxe4 35. Nxb7 Ke7 36. a5 Nc3 37. Bc4 Nxd5 38. Kf2 Bh1 39. a6 Nc7 40. Na5 Ba8 41. b4 d5 42. Be2 Kd6 43. Ke3 d4+ 44. Kd2 Nd5 45. Nc4+ Ke6 46. Bg4+ Kf6 47. Bf3 Ke6 48. Bxd5+ Bxd5 49. Nb6 Bf3 50. a7 Kd6 51. Nc4+ Ke6 52. b5 e4 53. b6 e3+ 54. Kd3 Kf5 55. Nd6+ Ke5 56. b7 e2 57. Kd2 1-0


[Site "https://www.chess.com"]

[Event "Titled Tuesday Blitz May 10 Early 2022"]
[White "Bok, Benjamin"]
[Black "Nagy, Gabor"]
[WhiteFideId "1017063"]
[BlackFideId "737119"]
[WhiteElo "2658"]
[BlackElo "2569"]
[Result "1-0"]
[Round "03"]
[TimeControl "180+1"]
[Date "2022.05.10"]
[WhiteClock "0:00:15"]
[BlackClock "0:00:52"]

1. d4 Nf6 2. c4 c5 3. Nf3 cxd4 4. Nxd4 e5 5. Nb5 Nc6 6. Bg5 d6 7. Bxf6 gxf6 8. g3 a6 9. N5c3 Be6 10. Nd5 Rc8 11. Bg2 f5 12. O-O h5 13. Nbc3 h4 14. e3 Bg7 15. Qe2 Kf8 16. Rad1 hxg3 17. fxg3 Qg5 18. Rd2 Rd8 19. Rfd1 Rh6 20. Nb6 e4 21. Rxd6 Rxd6 22. Rxd6 Be5 23. Rd1 Kg7 24. Nbd5 Bb8 25. Nf4 Ne5 26. Ncd5 Bc8 27. b3 Ba7 28. Qb2 f6 29. c5 Rh8 30. b4 Qg4 31. Qe2 Qxe2 32. Nxe2 Be6 33. Nef4 Bf7 34. Ne7 Bxa2 35. Nxf5+ Kf7 36. Bxe4 a5 37. Ra1 Bb3 38. Rxa5 Bb8 39. Rb5 Ng4 40. Rxb7+ 1-0


[Site "https://www.chess.com"]

[Event "Titled Tuesday Blitz May 10 Early 2022"]
[White "Broca Jimenez, Fernando"]
[Black "Ballester Llagaria, Luis Eduardo"]
[WhiteFideId "5104742"]
[BlackFideId "2297620"]
[WhiteElo "2062"]
[BlackElo "2344"]
[Result "0-1"]
[Round "03"]
[TimeControl "180+1"]
[Date "2022.05.11"]
[WhiteClock "0:02:13"]
[BlackClock "0:01:41"]

1. e4 c5 2. Nf3 b6 3. d4 cxd4 4. Nxd4 Bb7 5. f3 e6 6. c4 a6 7. Bd3 d5 8. exd5 Qh4+ 9. Kf1 Qxd4 10. Nc3 Bc5 11. Qe2 Nf6 12. dxe6 O-O 13. exf7+ Rxf7 14. Bg5 Nc6 15. Re1 Re8 16. Bxf6 Rxe2 17. Bxd4 Rxe1+ 18. Kxe1 Bxd4 19. Nd5 Ne5 20. Be4 Nxc4 21. b3 Ne3 22. Ke2 Nxd5 0-1


[Site "https://www.chess.com"]

[Event "Titled Tuesday Blitz May 10 Early 2022"]
[White "Buscar, Michael"]
[Black "Silva, Mariana Sofia T."]
[WhiteFideId "2603616"]
[BlackFideId "1911899"]
[WhiteElo "2010"]
[BlackElo "1825"]
[Result "1-0"]
[Round "03"]
[TimeControl "180+1"]
[Date "2022.05.11"]
[WhiteClock "0:00:32"]
[BlackClock "0:00:01"]

1. Nf3 d5 2. b3 c5 3. Bb2 Nf6 4. e3 a6 5. d4 e6 6. Bd3 Nc6 7. O-O Bd6 8. a3 O-O 9. dxc5 Bxc5 10. Nbd2 Re8 11. Ne5 Nxe5 12. Bxe5 Bd6 13. Nf3 Bxe5 14. Nxe5 Qc7 15. Ng4 Ne4 16. Bxe4 dxe4 17. h3 Rd8 18. Qe2 Bd7 19. Rfd1 Bc6 20. Nh2 Rd5 21. Rxd5 exd5 22. Rd1 Bb5 23. Qd2 Rd8 24. a4 Bc6 25. Nf1 Qe5 26. Ng3 f5 27. Ne2 Be8 28. Qd4 Qc7 29. Rd2 Bf7 30. Nf4 Qd6 31. c4 g5 32. Nxd5 Bxd5 33. cxd5 f4 34. Qxe4 fxe3 35. Qxe3 1-0


[Site "https://www.chess.com"]

[Event "Titled Tuesday Blitz May 10 Early 2022"]
[White "Ceres, Dragos"]
[Black "Matveeva, Olga"]
[WhiteFideId "13905864"]
[BlackFideId "24107018"]
[WhiteElo "2150"]
[BlackElo "2052"]
[Result "1-0"]
[Round "03"]
[TimeControl "180+1"]
[Date "2022.05.11"]
[WhiteClock "0:00:11"]
[BlackClock "0:00:03"]

1. e4 e6 2. d3 d5 3. Nd2 Nf6 4. Ngf3 c5 5. g3 Nc6 6. Bg2 Be7 7. O-O O-O 8. Re1 Qc7 9. e5 Nd7 10. Qe2 b5 11. Nf1 a5 12. h4 b4 13. h5 a4 14. h6 g6 15. Bf4 a3 16. b3 Bb7 17. Ne3 Nd4 18. Nxd4 cxd4 19. Ng4 Rfc8 20. Rac1 Qd8 21. Bd2 Rc7 22. Qd1 Rac8 23. Re2 Ba6 24. Be1 Nb8 25. f4 Nc6 26. Nh2 Na7 27. Nf3 Nb5 28. g4 Qf8 29. f5 Qxh6 30. Bd2 Qf8 31. f6 Bc5 32. Qe1 Nc3 33. Bxc3 dxc3+ 34. d4 Bxe2 35. Qxe2 Ba7 36. Qe3 Rc6 37. Bf1 R6c7 38. Bd3 Rc6 39. Kg2 R6c7 40. Rh1 Rc6 41. Ng5 h6 42. Nf3 1-0


[Site "https://www.chess.com"]

[Event "Titled Tuesday Blitz May 10 Early 2022"]
[White "Clarke, Brandon G I"]
[Black "Vignesh, N R"]
[WhiteFideId "400319"]
[BlackFideId "25012215"]
[WhiteElo "2414"]
[BlackElo "2363"]
[Result "1-0"]
[Round "03"]
[TimeControl "180+1"]
[Date "2022.05.10"]
[WhiteClock "0:00:07"]
[BlackClock "0:00:02"]

1. e4 e6 2. d4 d5 3. Nc3 Bb4 4. e5 c5 5. a3 Bxc3+ 6. bxc3 Ne7 7. Qg4 Qc7 8. Qxg7 Rg8 9. Qxh7 cxd4 10. Ne2 dxc3 11. f4 Nbc6 12. h4 Bd7 13. h5 O-O-O 14. Qd3 d4 15. h6 Rg6 16. h7 Rh8 17. Nxd4 Nxd4 18. Qxd4 Nf5 19. Qxa7 Ng3 20. Rh2 Nxf1 21. Kxf1 Bc6 22. Be3 Be4 23. Qa8+ Qb8 24. Qa5 Qc7 25. Bb6 Qc4+ 26. Kg1 Qe2 27. Qxc3+ Bc6 28. g3 Qe4 29. Rd1 Qxf4 30. Bf2 Qe4 31. Qa5 b6 32. Qxb6 Qf3 33. Rd3 Qe4 34. Rc3 Kd7 35. Qa7+ Kc8 36. Qa8+ Kd7 37. Qxh8 Qe2 38. Rd3+ 1-0


[Site "https://www.chess.com"]

[Event "Titled Tuesday Blitz May 10 Early 2022"]
[White "Cramling Bellon, Anna"]
[Black "Hamley, Ryan"]
[WhiteFideId "32009232"]
[BlackFideId "30959497"]
[WhiteElo "1905"]
[BlackElo "2528"]
[Result "0-1"]
[Round "03"]
[TimeControl "180+1"]
[Date "2022.05.11"]
[WhiteClock "0:00:03"]
[BlackClock "0:00:03"]

1. d4 Nf6 2. c4 g6 3. Nc3 Bg7 4. e4 d6 5. h3 O-O 6. Bg5 c5 7. d5 e6 8. Bd3 exd5 9. exd5 Nbd7 10. f4 h6 11. Bh4 Qa5 12. Ne2 a6 13. a4 Re8 14. O-O Nf8 15. Bxf6 Bxf6 16. f5 g5 17. Ng3 Nh7 18. Nh5 Qb4 19. Ne4 Rxe4 20. Bxe4 Bd4+ 21. Kh1 Qxc4 22. f6 Bd7 23. Rc1 Qxa4 24. Bc2 Qb5 25. Bd3 Qa4 26. b3 Qa2 27. Bb1 Qa3 28. Qd3 Nf8 29. Rfe1 Re8 30. Rcd1 Rxe1+ 31. Rxe1 Qb4 32. Re7 Bb5 0-1


[Site "https://www.chess.com"]

[Event "Titled Tuesday Blitz May 10 Early 2022"]
[White "Csonka, Balazs"]
[Black "Zia, Tahsin Tajwar"]
[WhiteFideId "742910"]
[BlackFideId "10211888"]
[WhiteElo "2404"]
[BlackElo "1800"]
[Result "1-0"]
[Round "03"]
[TimeControl "180+1"]
[Date "2022.05.11"]
[WhiteClock "0:00:28"]
[BlackClock "0:00:43"]

1. e4 c6 2. Ne2 d5 3. e5 c5 4. d4 Nc6 5. c3 Bg4 6. f3 Bf5 7. dxc5 e6 8. Be3 Nxe5 9. Nd4 Bg6 10. Qa4+ Nd7 11. c6 Nb6 12. cxb7+ Nxa4 13. Bb5+ Ke7 14. Nc6+ Kf6 15. Bd4+ Kg5 16. h4+ Kf4 17. Be5+ Ke3 18. Nd2 Bd3 19. Bd4+ Kf4 20. Bxd3 Qe8 21. Kf2 f5 22. g3# 1-0


[Site "https://www.chess.com"]

[Event "Titled Tuesday Blitz May 10 Early 2022"]
[White "Czerw, Dawid"]
[Black "Gallego Alcaraz, Andres Felipe"]
[WhiteFideId "1145746"]
[BlackFideId "4402669"]
[WhiteElo "2125"]
[BlackElo "2340"]
[Result "0-1"]
[Round "03"]
[TimeControl "180+1"]
[Date "2022.05.11"]
[WhiteClock "0:00:12"]
[BlackClock "0:00:59"]

1. d4 Nf6 2. c4 g6 3. Nc3 d5 4. cxd5 Nxd5 5. e4 Nxc3 6. bxc3 c5 7. Bc4 Bg7 8. Ne2 O-O 9. O-O Nc6 10. Be3 b6 11. Qd2 Bb7 12. Bh6 Bxh6 13. Qxh6 cxd4 14. Rad1 Na5 15. Rd3 Bc8 16. Bd5 Rb8 17. Nxd4 e6 18. Bb3 Qf6 19. f4 Qg7 20. Qh4 Ba6 21. Rh3 Bxf1 22. Kxf1 Rbc8 23. e5 Nxb3 24. axb3 Rfd8 25. Ke2 h6 26. Nc6 g5 27. Ne7+ Kf8 28. fxg5 Qxe5+ 29. Kf2 Kxe7 30. gxh6+ Qf6+ 31. Qxf6+ Kxf6 0-1


[Site "https://www.chess.com"]

[Event "Titled Tuesday Blitz May 10 Early 2022"]
[White "D`Arruda, Ricardo D."]
[Black "Jaracz, Pawel"]
[WhiteFideId "100692"]
[BlackFideId "1102222"]
[WhiteElo "2457"]
[BlackElo "2429"]
[Result "0-1"]
[Round "03"]
[TimeControl "180+1"]
[Date "2022.05.11"]
[WhiteClock "0:00:43"]
[BlackClock "0:01:57"]

1. d4 Nf6 2. Nf3 e6 3. c3 b6 4. g3 Bb7 5. Bg2 g6 6. O-O Bg7 7. Nbd2 O-O 8. Re1 d6 9. e4 Nbd7 10. Qe2 e5 11. dxe5 dxe5 12. a4 a5 13. Nh4 Nc5 14. Bf1 Nfxe4 15. Nxe4 Nxe4 16. Bg2 f5 17. Rd1 Qe7 18. Nf3 Nc5 19. Ng5 e4 20. Be3 Ba6 21. Bxc5 Qxc5 22. Qe3 Qxe3 23. fxe3 Bh6 24. h4 Rfd8 25. Kf2 Bc4 26. Bf1 Bb3 27. Rxd8+ Rxd8 28. Ke1 Bf8 29. c4 Bb4+ 30. Kf2 Rd2+ 31. Be2 Bxc4 0-1


[Site "https://www.chess.com"]

[Event "Titled Tuesday Blitz May 10 Early 2022"]
[White "Daneshvar, Bardiya"]
[Black "Abrahamyan, Tatev"]
[WhiteFideId "12576468"]
[BlackFideId "13301918"]
[WhiteElo "2330"]
[BlackElo "2352"]
[Result "1-0"]
[Round "03"]
[TimeControl "180+1"]
[Date "2022.05.11"]
[WhiteClock "0:00:57"]
[BlackClock "0:00:38"]

1. b3 e5 2. Bb2 Nc6 3. c4 Nf6 4. Nf3 d5 5. Nxe5 Nxe5 6. Bxe5 dxc4 7. bxc4 Be6 8. e3 Ng4 9. Bg3 Qf6 10. Nc3 c6 11. d4 Bb4 12. Qb3 Ba5 13. Qa3 b6 14. h3 c5 15. hxg4 cxd4 16. g5 Qxg5 17. exd4 O-O-O 18. Be2 Rxd4 19. O-O h5 20. Nb5 Rd2 21. Qf3 1-0


[Site "https://www.chess.com"]

[Event "Titled Tuesday Blitz May 10 Early 2022"]
[White "Dang, Hoang Son"]
[Black "Li, Xueyi"]
[WhiteFideId "12402435"]
[BlackFideId "8605912"]
[WhiteElo "2252"]
[BlackElo "2091"]
[Result "1-0"]
[Round "03"]
[TimeControl "180+1"]
[Date "2022.05.11"]
[WhiteClock "0:00:16"]
[BlackClock "0:00:13"]

1. d4 d5 2. Bf4 c5 3. e3 Nc6 4. Nf3 Nf6 5. Nbd2 Qb6 6. dxc5 Qxb2 7. Rb1 Qc3 8. Bb5 g6 9. O-O Bg7 10. Nb3 Bg4 11. Be5 Bxf3 12. Bxc3 Bxd1 13. Rfxd1 O-O 14. Bxc6 bxc6 15. Na5 Rfc8 16. Rb7 e6 17. f3 Ne8 18. Bd4 e5 19. Bc3 f5 20. a4 g5 21. g4 f4 22. exf4 gxf4 23. Re1 d4 24. Bd2 Bf6 25. g5 Bxg5 26. Rxe5 Bf6 27. Re6 Kh8 28. Bxf4 d3 29. cxd3 Bd4+ 30. Kg2 Ng7 31. Re4 Bc3 32. Nc4 Rg8 33. Kf1 Nh5 34. Ree7 Bg7 35. Be5 Raf8 36. Ke2 Nf4+ 37. Bxf4 Rxf4 38. Ne5 Rgf8 39. Rxg7 1-0


[Site "https://www.chess.com"]

[Event "Titled Tuesday Blitz May 10 Early 2022"]
[White "Dardha, Daniel"]
[Black "Demchenko, Anton"]
[WhiteFideId "240990"]
[BlackFideId "4160258"]
[WhiteElo "2482"]
[BlackElo "2539"]
[Result "1-0"]
[Round "03"]
[TimeControl "180+1"]
[Date "2022.05.10"]
[WhiteClock "0:00:39"]
[BlackClock "0:00:01"]

1. e4 e5 2. d4 exd4 3. Qxd4 Nc6 4. Qc4 Nf6 5. Nc3 Be7 6. Bg5 O-O 7. O-O-O h6 8. Bh4 d6 9. f4 Be6 10. Qe2 Qc8 11. Nf3 Re8 12. g4 Bxg4 13. Rg1 Nh5 14. Bxe7 Nxe7 15. f5 Nf6 16. Qf2 Kh8 17. Be2 Nc6 18. Qh4 Bxf3 19. Bxf3 Nh7 20. Nd5 f6 21. Qh5 Ne5 22. Rg3 c6 23. Rdg1 Ng5 24. Nxf6 Nexf3 25. Qg6 Re7 26. Rxg5 Nxg5 27. Rxg5 gxf6 28. Qxh6+ 1-0


[Site "https://www.chess.com"]

[Event "Titled Tuesday Blitz May 10 Early 2022"]
[White "Demin, Vladimir"]
[Black "Meshkovs, Nikita"]
[WhiteFideId "4167457"]
[BlackFideId "11602740"]
[WhiteElo "2456"]
[BlackElo "2506"]
[Result "0-1"]
[Round "03"]
[TimeControl "180+1"]
[Date "2022.05.10"]
[WhiteClock "0:00:26"]
[BlackClock "0:01:34"]

1. d4 Nf6 2. g4 h6 3. h3 d5 4. Bg2 c5 5. c3 Nc6 6. Nf3 e6 7. O-O Bd6 8. e3 O-O 9. Nbd2 Re8 10. dxc5 Bxc5 11. b4 Bb6 12. a3 e5 13. Bb2 e4 14. Nd4 Ne5 15. Qc2 Bxg4 16. hxg4 Nfxg4 17. Nf5 Qg5 18. Ng3 Nxe3 19. Ndxe4 dxe4 20. Qxe4 Nxf1 21. Nxf1 Ng4 22. Qf3 Nxf2 23. Kh2 Qh4+ 0-1


[Site "https://www.chess.com"]

[Event "Titled Tuesday Blitz May 10 Early 2022"]
[White "Devaev, Alexander"]
[Black "Cunha, Lucas Aguiar"]
[WhiteFideId "4169395"]
[BlackFideId "2125404"]
[WhiteElo "2185"]
[BlackElo "2361"]
[Result "0-1"]
[Round "03"]
[TimeControl "180+1"]
[Date "2022.05.11"]
[WhiteClock "0:00:09"]
[BlackClock "0:00:06"]

1. d4 Nf6 2. c4 e6 3. Nf3 b6 4. a3 Ba6 5. Qc2 Bb7 6. Nc3 d5 7. Bg5 Be7 8. Bxf6 Bxf6 9. cxd5 exd5 10. Rd1 O-O 11. g3 Re8 12. Bg2 Nd7 13. O-O Nf8 14. Rfe1 Ne6 15. e3 Rc8 16. Ne5 g6 17. Qb3 c6 18. f4 Ng7 19. e4 Bxe5 20. fxe5 dxe4 21. Nxe4 Re7 22. Nd6 Rcc7 23. Nxb7 Rxb7 24. Bxc6 Rbc7 25. d5 Nf5 26. Qf3 Rc8 27. d6 Re6 28. Bd5 Re8 29. g4 Nh6 30. Bxf7+ Nxf7 31. d7 Ng5 32. dxc8=Q Nxf3+ 33. Kf2 Qxc8 34. Kxf3 Qc6+ 35. Kg3 Qc2 0-1


[Site "https://www.chess.com"]

[Event "Titled Tuesday Blitz May 10 Early 2022"]
[White "Donchenko, Alexander"]
[Black "Barria Zuniga, Daniel"]
[WhiteFideId "24603295"]
[BlackFideId "3400816"]
[WhiteElo "2572"]
[BlackElo "2414"]
[Result "1-0"]
[Round "03"]
[TimeControl "180+1"]
[Date "2022.05.10"]
[WhiteClock "0:01:15"]
[BlackClock "0:00:03"]

1. Nf3 d5 2. g3 e6 3. Bg2 g6 4. c4 Bg7 5. O-O Ne7 6. d4 O-O 7. Qc2 Nbc6 8. Rd1 b6 9. cxd5 exd5 10. Nc3 Bf5 11. Qa4 Re8 12. Bf4 h6 13. Nb5 Rc8 14. Nxa7 Nxa7 15. Qxa7 g5 16. Be3 Ra8 17. Qb7 c6 18. Ne5 Qd6 19. Nxc6 Nxc6 20. Rac1 Bd7 21. Qxb6 Reb8 22. Qc5 Qxc5 23. Rxc5 Rxa2 24. Bxd5 Ra6 25. b3 Bf8 26. Rcc1 Ne7 27. Bc4 Bb5 28. d5 Bxc4 29. bxc4 Rc8 30. g4 Ng6 31. c5 Ne5 32. f3 Nd7 33. c6 Nf6 34. d6 Raxc6 35. Rxc6 Rxc6 36. d7 Nxd7 37. Rxd7 Re6 38. Kf2 Be7 39. h3 f6 40. Bd4 Kf7 41. Bc5 Ke8 42. Rxe7+ Rxe7 43. Bxe7 Kxe7 44. Ke3 Ke6 45. Ke4 Ke7 46. Kf5 1-0


[Site "https://www.chess.com"]

[Event "Titled Tuesday Blitz May 10 Early 2022"]
[White "Duarte, Leonardo"]
[Black "Marin Ramirez, Gerardo"]
[WhiteFideId "110582"]
[BlackFideId "3901068"]
[WhiteElo "2217"]
[BlackElo "1920"]
[Result "0-1"]
[Round "03"]
[TimeControl "180+1"]
[Date "2022.05.11"]
[WhiteClock "0:00:03"]
[BlackClock "0:00:18"]

1. e4 c5 2. c3 d5 3. exd5 Qxd5 4. d4 Nf6 5. Nf3 Bg4 6. Be2 e6 7. O-O Nc6 8. dxc5 Bxc5 9. Na3 O-O 10. Nb5 Rac8 11. Bf4 a6 12. Nd6 Bxd6 13. Bxd6 Rfd8 14. Qxd5 Nxd5 15. Bg3 Nf6 16. Rfd1 Ne4 17. Bf4 e5 18. Be3 Nf6 19. h3 Bh5 20. g4 Bg6 21. Nh4 Bc2 22. Rxd8+ Rxd8 23. Rc1 Bd3 24. Bf3 e4 25. Bg2 g6 26. Rd1 Nd5 27. Bc1 Ne5 28. Re1 f6 29. Bxe4 Bxe4 30. Rxe4 Nxc3 31. Rxe5 fxe5 32. Bg5 Rd1+ 33. Kg2 Nxa2 34. Nf3 Rd5 35. Be3 Rb5 36. Ng5 Rxb2 37. Ne4 Rb4 38. Nf6+ Kf7 39. g5 a5 40. h4 a4 41. h5 a3 42. Nd7 gxh5 43. Nxe5+ Ke6 44. Nd3 Rb1 45. f4 Nc3 46. Kf3 Kf5 0-1


[Site "https://www.chess.com"]